TOP OF THE 1ST |
Penn State Nittany Lions batting - Pitching for Ohio State Buckeyes : RHP Homer Carr
|
Pitching: RHP Homer Carr
|
|
Batting: LHB Andrew Russell
|
0-0: Bunt for hit - play at first, batter OUT! 3-4
|
Batting: RHB Bob Cole
|
0-0: Ball 1-0: SINGLE (Line Drive, 4MD)
|
Batting: RHB Tom Gordon
|
0-0: Ball Wild Pitch! Bob Cole to second 1-0: Ball 2-0: Ball 3-0: Called Strike 3-1: Foul Ball, location: 2F 3-2: Foul Ball, location: 2F 3-2: Base on Balls
|
Batting: RHB Randy Jacobs
|
0-0: Ball 1-0: Foul Ball, location: 2F 1-1: Ball 2-1: 3-RUN HOME RUN (Line Drive, 7D), Distance : 368 ft
|
Batting: SHB Jim Gibson
|
0-0: Foul Ball, location: 2F 0-1: Ball 1-1: Ball 2-1: Foul Ball, location: 2F Single, Error in OF, E9, batter to second base
|
Batting: RHB Johnny Hood
|
0-0: Ball 1-0: Ball 2-0: Called Strike 2-1: Fly out, F7 (Flyball, 7LM)
|
Batting: SHB Tony Yan
|
0-0: Swinging Strike 0-1: Called Strike 0-2: Ball 1-2: Ball 2-2: Ground out 6-3 (Groundball, 6M)
|
Top of the 1st over - 3 run(s), 3 hit(s), 1 error(s), 1 left on base; Penn State 3 - Ohio State 0 |
BOTTOM OF THE 1ST |
Ohio State Buckeyes batting - Pitching for Penn State Nittany Lions : RHP Joe Bailey
|
Pitching: RHP Joe Bailey
|
|
Batting: SHB Devin Smith
|
0-0: Called Strike 0-1: SOLO HOME RUN (Flyball, 9LD), Distance : 331 ft
|
Batting: RHB Gabriel Soto
|
0-0: Called Strike 0-1: Swinging Strike 0-2: Strikes out swinging
|
Batting: RHB Júlio Morales
|
0-0: Ball 1-0: Ball 2-0: Foul Ball, location: 2F 2-1: Called Strike 2-2: Foul Ball, location: 2F 2-2: Ball 3-2: Strikes out looking
|
Batting: LHB Frank García
|
0-0: Called Strike 0-1: Ball 1-1: Foul Ball, location: 2F 1-2: Strikes out swinging
|
Bottom of the 1st over - 1 run(s), 1 hit(s), 0 error(s), 0 left on base; Penn State 3 - Ohio State 1 |
TOP OF THE 2ND |
Penn State Nittany Lions batting - Pitching for Ohio State Buckeyes : RHP Homer Carr
|
Batting: RHB Mark Roy
|
0-0: Foul Ball, location: 2F 0-1: Ball 1-1: Hit by Pitch
|
Batting: RHB Jeremiah Ward
|
0-0: Foul Ball, location: 2F 0-1: Ball 1-1: Ball 2-1: Foul Ball, location: 2F 2-2: Foul Ball, location: 2F 2-2: Ball 3-2: Base on Balls Mark Roy to second
|
Batting: LHB Andrew Russell
|
0-0: Fielders Choice at 2nd, 1-6 (Groundball, 25) Mark Roy to third
|
Batting: RHB Bob Cole
|
0-0: Ball 1-0: Ball 2-0: Foul Ball, location: 2F 2-1: Swinging Strike 2-2: Ball 3-2: Base on Balls Andrew Russell to second
|
Batting: RHB Tom Gordon
|
0-0: Ball 1-0: Foul Ball, location: 2F 1-1: GRAND SLAM HOME RUN (Flyball, 78XD), Distance : 368 ft
|
Batting: RHB Randy Jacobs
|
0-0: Called Strike 0-1: Ball 1-1: Fly out, F8 (Flyball, 8RM)
|
Batting: SHB Jim Gibson
|
0-0: Called Strike 0-1: Swinging Strike 0-2: SINGLE (Line Drive, 4D)
|
Batting: RHB Johnny Hood
|
0-0: Ball 1-0: Ground out 5-3 (Groundball, 56S)
|
Top of the 2nd over - 4 run(s), 2 hit(s), 0 error(s), 1 left on base; Penn State 7 - Ohio State 1 |
BOTTOM OF THE 2ND |
Ohio State Buckeyes batting - Pitching for Penn State Nittany Lions : RHP Joe Bailey
|
Batting: SHB Thomas Simmons
|
0-0: Ball 1-0: Called Strike 1-1: Ball 2-1: Fly out, F7 (Flyball, 78M)
|
Batting: LHB Joel Nelson
|
0-0: Ball 1-0: Called Strike 1-1: Fly out, F5 (Popup, 5DF)
|
Batting: RHB Santiago Gutiérrez
|
0-0: Called Strike 0-1: Ball 1-1: Foul Ball, location: 2F 1-2: Ball 2-2: Foul Ball, location: 2F 2-2: Ground out U3 (Groundball, 3S)
|
Bottom of the 2nd over - 0 run(s), 0 hit(s), 0 error(s), 0 left on base; Penn State 7 - Ohio State 1 |
TOP OF THE 3RD |
Penn State Nittany Lions batting - Pitching for Ohio State Buckeyes : RHP Homer Carr
|
Batting: SHB Tony Yan
|
0-0: Called Strike 0-1: Called Strike 0-2: Foul Ball, location: 2F 0-2: Foul Ball, location: 2F 0-2: Ball 1-2: Ball 2-2: Ball 3-2: Fly out, F7 (Popup, 5D)
|
Batting: RHB Mark Roy
|
0-0: Ball 1-0: Foul Ball, location: 2F 1-1: Ball 2-1: Called Strike 2-2: Foul Ball, location: 2F 2-2: Strikes out swinging
|
Batting: RHB Jeremiah Ward
|
0-0: Ball 1-0: Ball 2-0: Foul Ball, location: 2F 2-1: Foul Ball, location: 2F 2-2: Ground out 6-3 (Groundball, 6)
|
Top of the 3rd over - 0 run(s), 0 hit(s), 0 error(s), 0 left on base; Penn State 7 - Ohio State 1 |
BOTTOM OF THE 3RD |
Ohio State Buckeyes batting - Pitching for Penn State Nittany Lions : RHP Joe Bailey
|
Batting: RHB Will Anderson
|
0-0: Swinging Strike 0-1: Ball 1-1: Swinging Strike 1-2: Ball 2-2: Foul Ball, location: 2F 2-2: Ground out 5-3 (Groundball, 56)
|
Batting: RHB Dan Rivera
|
0-0: Fly out, F8 (Flyball, 89M)
|
Batting: SHB Devin Smith
|
0-0: Called Strike 0-1: Ball 1-1: Foul Ball, location: 2F 1-2: Strikes out looking
|
Bottom of the 3rd over - 0 run(s), 0 hit(s), 0 error(s), 0 left on base; Penn State 7 - Ohio State 1 |
TOP OF THE 4TH |
Penn State Nittany Lions batting - Pitching for Ohio State Buckeyes : RHP Homer Carr
|
Batting: LHB Andrew Russell
|
0-0: Ball 1-0: SINGLE (Groundball, 6MD) (infield hit)
|
Batting: RHB Bob Cole
|
0-0: Called Strike 0-1: Foul Ball, location: 2F 0-2: Strikes out swinging
|
Pitching: LHP António Bruno
|
|
Batting: RHB Tom Gordon
|
0-0: Ball 1-0: Fly out, F7 (Flyball, 78S)
|
Batting: RHB Randy Jacobs
|
0-0: Foul Ball, location: 2F 0-1: Foul Ball, location: 2F 0-2: Ball 1-2: Ball 2-2: Reached on error, E6 (Groundball, 6) Andrew Russell to second
|
Batting: SHB Jim Gibson
|
0-0: Called Strike 0-1: Ball Andrew Russell steals 3rd base Randy Jacobs to second 1-1: DOUBLE (Line Drive, 7LD) Andrew Russell scores Randy Jacobs scores
|
Batting: RHB Johnny Hood
|
0-0: Ball 1-0: Called Strike 1-1: Ball 2-1: Ball 3-1: Base on Balls
|
Batting: SHB Tony Yan
|
0-0: Foul Ball, location: 2F 0-1: SINGLE (Line Drive, 89S) Jim Gibson to third Johnny Hood to second Runner from 3rd tries for Home, SAFE, no throw or cutoff
|
Batting: RHB Mark Roy
|
0-0: Called Strike 0-1: Swinging Strike 0-2: Ground out 1-3 (Groundball, 13S)
|
Top of the 4th over - 3 run(s), 3 hit(s), 1 error(s), 2 left on base; Penn State 10 - Ohio State 1 |
BOTTOM OF THE 4TH |
Ohio State Buckeyes batting - Pitching for Penn State Nittany Lions : RHP Joe Bailey
|
Batting: RHB Gabriel Soto
|
0-0: Called Strike 0-1: Ball 1-1: Ball 2-1: Foul Ball, location: 2F 2-2: Ground out 1-3 (Groundball, 13S)
|
Batting: RHB Júlio Morales
|
0-0: Ball 1-0: Foul Ball, location: 2F 1-1: Ground out 6-3 (Groundball, 6M)
|
Batting: LHB Frank García
|
0-0: Ball 1-0: Ball 2-0: Fly out, F8 (Flyball, 8RS)
|
Bottom of the 4th over - 0 run(s), 0 hit(s), 0 error(s), 0 left on base; Penn State 10 - Ohio State 1 |
TOP OF THE 5TH |
Penn State Nittany Lions batting - Pitching for Ohio State Buckeyes : LHP António Bruno
|
Batting: RHB Jeremiah Ward
|
0-0: Foul Ball, location: 2F 0-1: Foul Ball, location: 2F 0-2: Ground out 6-3 (Groundball, 6)
|
Batting: LHB Andrew Russell
|
0-0: Called Strike 0-1: Foul Ball, location: 2F 0-2: Foul Ball, location: 2F 0-2: Strikes out swinging
|
Batting: RHB Bob Cole
|
0-0: Ball 1-0: Ball 2-0: Foul Ball, location: 2F 2-1: Foul Ball, location: 2F 2-2: Strikes out swinging
|
Top of the 5th over - 0 run(s), 0 hit(s), 0 error(s), 0 left on base; Penn State 10 - Ohio State 1 |
BOTTOM OF THE 5TH |
Ohio State Buckeyes batting - Pitching for Penn State Nittany Lions : RHP Joe Bailey
|
Batting: SHB Thomas Simmons
|
0-0: Ball 1-0: Called Strike 1-1: Foul Ball, location: 2F 1-2: Strikes out swinging
|
Batting: LHB Joel Nelson
|
0-0: DOUBLE (Line Drive, 7LM)
|
Batting: RHB Santiago Gutiérrez
|
0-0: Called Strike 0-1: Ball 1-1: Foul Ball, location: 2F 1-2: Strikes out swinging
|
Batting: RHB Will Anderson
|
0-0: Ball 1-0: Called Strike 1-1: Ball 2-1: Foul Ball, location: 2F 2-2: Strikes out swinging
|
Bottom of the 5th over - 0 run(s), 1 hit(s), 0 error(s), 1 left on base; Penn State 10 - Ohio State 1 |
TOP OF THE 6TH |
Penn State Nittany Lions batting - Pitching for Ohio State Buckeyes : LHP António Bruno
|
Batting: RHB Tom Gordon
|
0-0: Called Strike 0-1: Swinging Strike 0-2: Ball 1-2: Ball 2-2: SINGLE (Flyball, 9LS)
|
Batting: RHB Randy Jacobs
|
0-0: Called Strike 0-1: Called Strike 0-2: SINGLE (Flyball, 78S) Tom Gordon to second
|
Batting: SHB Jim Gibson
|
0-0: Called Strike 0-1: Foul Ball, location: 2F 0-2: Ball 1-2: Foul Ball, location: 2F 1-2: Foul Ball, location: 2F 1-2: SINGLE (Line Drive, 6D) Tom Gordon to third Randy Jacobs to second
|
Batting: RHB Johnny Hood
|
0-0: Ball 1-0: Foul Ball, location: 2F 1-1: Foul Ball, location: 2F 1-2: Foul Ball, location: 2F 1-2: Ball 2-2: Ball 3-2: SINGLE (Flyball, 7LS) Tom Gordon scores Randy Jacobs to third Jim Gibson to second
|
Pitching: LHP Monty Williams
|
|
Batting: SHB Tony Yan
|
0-0: Called Strike 0-1: Foul Ball, location: 2F 0-2: Strikes out swinging
|
Batting: RHB Mark Roy
|
0-0: Called Strike 0-1: Ball 1-1: Hit by Pitch Randy Jacobs scores Jim Gibson to third Johnny Hood to second
|
Batting: RHB Jeremiah Ward
|
0-0: Fielders Choice at 2nd, 6-4 (Groundball, 6) Jim Gibson scores Johnny Hood to third
|
Batting: LHB Andrew Russell
|
0-0: Foul Ball, location: 2F 0-1: Called Strike 0-2: Ball 1-2: Strikes out swinging
|
Top of the 6th over - 3 run(s), 4 hit(s), 0 error(s), 2 left on base; Penn State 13 - Ohio State 1 |
BOTTOM OF THE 6TH |
Ohio State Buckeyes batting - Pitching for Penn State Nittany Lions : RHP Joe Bailey
|
Batting: RHB Dan Rivera
|
0-0: Called Strike 0-1: Swinging Strike 0-2: Strikes out swinging
|
Batting: SHB Devin Smith
|
0-0: Ball 1-0: Ground out 6-3 (Groundball, 56)
|
Batting: RHB Gabriel Soto
|
0-0: Ball 1-0: Ball 2-0: Called Strike 2-1: SINGLE (Flyball, 9LM)
|
Batting: RHB Júlio Morales
|
0-0: Ball 1-0: Called Strike 1-1: Ball 2-1: Foul Ball, location: 2F 2-2: Strikes out swinging
|
Bottom of the 6th over - 0 run(s), 1 hit(s), 0 error(s), 1 left on base; Penn State 13 - Ohio State 1 |
TOP OF THE 7TH |
Penn State Nittany Lions batting - Pitching for Ohio State Buckeyes : LHP Monty Williams
|
Batting: RHB Bob Cole
|
0-0: Called Strike 0-1: Ball 1-1: Ball 2-1: Ball 3-1: Foul Ball, location: 2F 3-2: Base on Balls
|
Batting: RHB Tom Gordon
|
Pickoff Throw to First - Error! E1 Bob Cole to second 0-0: Called Strike 0-1: Swinging Strike 0-2: Foul Ball, location: 2F 0-2: Strikes out swinging
|
Batting: RHB Randy Jacobs
|
0-0: Ball 1-0: Foul Ball, location: 2F 1-1: Ball 2-1: Called Strike 2-2: Ball 3-2: Foul Ball, location: 2F 3-2: Base on Balls
|
Batting: SHB Jim Gibson
|
0-0: Called Strike 0-1: Ball 1-1: Ball 2-1: Ball 3-1: Base on Balls Bob Cole to third Randy Jacobs to second
|
Batting: RHB Johnny Hood
|
0-0: Ball 1-0: Ball 2-0: Called Strike 2-1: Ball 3-1: Base on Balls Bob Cole scores Randy Jacobs to third Jim Gibson to second
|
Batting: SHB Tony Yan
|
0-0: Called Strike 0-1: Ball 1-1: Ball 2-1: Foul Ball, location: 2F 2-2: Ball 3-2: Strikes out swinging
|
Pinch Hitting: RHB William Rogers
|
0-0: Called Strike 0-1: Foul Ball, location: 2F 0-2: Ball 1-2: Ball 2-2: Ball 3-2: Base on Balls Randy Jacobs scores Jim Gibson to third Johnny Hood to second
|
Batting: RHB Jeremiah Ward
|
0-0: Ball 1-0: Foul Ball, location: 2F 1-1: Swinging Strike 1-2: Ball 2-2: Ball 3-2: Base on Balls Jim Gibson scores Johnny Hood to third William Rogers to second
|
Batting: LHB Andrew Russell
|
0-0: Ball 1-0: Ball 2-0: Ball 3-0: Base on Balls Johnny Hood scores William Rogers to third Jeremiah Ward to second
|
Pitching: RHP Allen King
|
|
Batting: RHB Bob Cole
|
0-0: Ball 1-0: Ball 2-0: Ball 3-0: Called Strike 3-1: GRAND SLAM HOME RUN (Flyball, 8LXD), Distance : 383 ft
|
Batting: RHB Tom Gordon
|
0-0: Ball 1-0: Swinging Strike 1-1: Called Strike 1-2: Strikes out swinging
|
Top of the 7th over - 8 run(s), 1 hit(s), 1 error(s), 0 left on base; Penn State 21 - Ohio State 1 |
BOTTOM OF THE 7TH |
Ohio State Buckeyes batting - Pitching for Penn State Nittany Lions : RHP Joe Bailey
|
Now at 3B: William Rogers
|
|
Batting: LHB Frank García
|
0-0: Called Strike 0-1: SINGLE (Groundball, 6MD) (infield hit)
|
Pitching: LHP Tommy Corrigan
|
|
Batting: SHB Thomas Simmons
|
0-0: Ball 1-0: DOUBLE (Flyball, 89M) Frank García to third
|
Batting: LHB Joel Nelson
|
0-0: Ball 1-0: Ground out 4-3 (Groundball, 4) Frank García scores Thomas Simmons to third
|
Batting: RHB Santiago Gutiérrez
|
0-0: Called Strike 0-1: Called Strike 0-2: Foul Ball, location: 2F 0-2: Ball 1-2: Ball 2-2: Foul Ball, location: 2F 2-2: SINGLE (Line Drive, 56) Thomas Simmons scores
|
Batting: RHB Will Anderson
|
0-0: Ball 1-0: Ball 2-0: Swinging Strike 2-1: Fly out, F7 (Line Drive, 7M)
|
Batting: RHB Dan Rivera
|
0-0: Ball 1-0: Ball 2-0: Called Strike Santiago Gutiérrez steals 2nd base 2-1: Foul Ball, location: 2F 2-2: Ball 3-2: Strikes out swinging
|
Bottom of the 7th over - 2 run(s), 3 hit(s), 0 error(s), 1 left on base; Penn State 21 - Ohio State 3 |
TOP OF THE 8TH |
Penn State Nittany Lions batting - Pitching for Ohio State Buckeyes : RHP Allen King
|
Batting: RHB Randy Jacobs
|
0-0: Swinging Strike 0-1: Foul Ball, location: 2F 0-2: Ball 1-2: Ball 2-2: Strikes out swinging
|
Batting: SHB Jim Gibson
|
0-0: Ball 1-0: Ball 2-0: Ball 3-0: Base on Balls
|
Batting: RHB Johnny Hood
|
0-0: SINGLE (Line Drive, 8LS) Jim Gibson to second
|
Batting: SHB Tony Yan
|
0-0: Called Strike 0-1: Foul Ball, location: 2F 0-2: Strikes out swinging
|
Batting: RHB William Rogers
|
0-0: Fly out, F8 (Flyball, 8LM)
|
Top of the 8th over - 0 run(s), 1 hit(s), 0 error(s), 2 left on base; Penn State 21 - Ohio State 3 |
BOTTOM OF THE 8TH |
Ohio State Buckeyes batting - Pitching for Penn State Nittany Lions : LHP Tommy Corrigan
|
Batting: SHB Devin Smith
|
0-0: Ball 1-0: Ball 2-0: Ball 3-0: Called Strike 3-1: Base on Balls
|
Batting: RHB Gabriel Soto
|
0-0: Called Strike 0-1: Ball 1-1: Ball 2-1: Foul Ball, location: 2F 2-2: Foul Ball, location: 2F 2-2: Ball 3-2: Fly out, F8 (Flyball, 8RM)
|
Batting: RHB Júlio Morales
|
0-0: Ball 1-0: Called Strike 1-1: Foul Ball, location: 2F 1-2: Ball 2-2: Foul Ball, location: 2F 2-2: Strikes out looking
|
Batting: LHB Frank García
|
0-0: Foul Ball, location: 2F 0-1: Called Strike 0-2: Ball 1-2: Ball 2-2: Fly out, F8 (Line Drive, 78M)
|
Bottom of the 8th over - 0 run(s), 0 hit(s), 0 error(s), 1 left on base; Penn State 21 - Ohio State 3 |
TOP OF THE 9TH |
Penn State Nittany Lions batting - Pitching for Ohio State Buckeyes : RHP Allen King
|
Batting: RHB Jeremiah Ward
|
0-0: Hit by Pitch
|
Batting: LHB Andrew Russell
|
0-0: Bunted foul 0-1: Bunted foul 0-2: Strikes out swinging
|
Batting: RHB Bob Cole
|
0-0: Called Strike 0-1: Swinging Strike 0-2: Ball 1-2: Ball Pickoff Throw to First - Out! 2-2: Foul Ball, location: 2F 2-2: Foul Ball, location: 2F 2-2: Foul Ball, location: 2F 2-2: Ball 3-2: Foul Ball, location: 2F 3-2: Foul Ball, location: 2F 3-2: Ground out U3 (Groundball, 3L)
|
Top of the 9th over - 0 run(s), 0 hit(s), 0 error(s), 0 left on base; Penn State 21 - Ohio State 3 |
BOTTOM OF THE 9TH |
Ohio State Buckeyes batting - Pitching for Penn State Nittany Lions : LHP Tommy Corrigan
|
Now at C: Tony Jones
|
|
Batting: SHB Thomas Simmons
|
0-0: Swinging Strike 0-1: Swinging Strike 0-2: Strikes out swinging
|
Batting: LHB Joel Nelson
|
0-0: Foul Ball, location: 2F 0-1: Ground out 6-3 (Groundball, 6)
|
Batting: RHB Santiago Gutiérrez
|
0-0: Swinging Strike 0-1: SOLO HOME RUN (Flyball, 89XD), Distance : 375 ft
|
Batting: RHB Will Anderson
|
0-0: Foul Ball, location: 2F 0-1: Ball 1-1: Ball 2-1: Ball 3-1: Ground out 5-3 (Groundball, 5)
|
Bottom of the 9th over - 1 run(s), 1 hit(s), 0 error(s), 0 left on base; Penn State 21 - Ohio State 4 |
|